 Dungeon Crawl Stone Soup version 0.31-a0-640-g39d97e502b (webtiles) character file.

Game seed: 11515995311113927525

844 MacCMillion the Chopper (level 8, 0/63 HPs)
             Began as a Ghoul Fighter on Aug 28, 2023.
             Slain by a chaos spawn (2 damage)
             ... summoned by a kobold demonologist
             ... on level 5 of the Dungeon.
             The game lasted 00:10:07 (5239 turns).

MacCMillion the Chopper (Ghoul Fighter)             Turns: 5239, Time: 00:10:08

Health: 0/63       AC:  7    Str: 22    XL:     8   Next: 0%
Magic:  7/7        EV: 14    Int:  3    God:
Gold:   247        SH:  4    Dex:  8    Spells: 7/7 levels left

rFire   . . .        a - +0 war axe
rCold   + . .        c - +0 buckler
rNeg    + + +        b - +0 scale mail
rPois   ∞            (no helmet)
rElec   .            (no cloak)
rCorr   .            (no gloves)
SInv    .            t - +0 pair of boots
Will    .....        k - amulet of the acrobat Stlth
                     (no ring)
HPRegen 0.00/turn    (no ring)
MPRegen 0.10/turn

%: acrobat
@: agile, inhibited regen
A: claws 1, cold resistance 1, negative energy resistance 3, inhibited
regeneration, torment resistance 2, devour on kill
a: no special abilities


You were on level 5 of the Dungeon.
You visited 1 branch of the dungeon, and saw 6 of its levels.
You also visited: Ossuary.

You collected 247 gold pieces.

Inventory:

Hand Weapons
 a - a +0 war axe (weapon)
 q - a +3 spear
Missiles
 n - 5 poisoned darts
 y - a boomerang
Armour
 b - a +0 scale mail (worn)
 c - a +0 buckler (worn)
 t - a +0 pair of boots (worn)
Jewellery
 e - a ring of ice
 k - an amulet of the acrobat (around neck)
Wands
 l - a wand of mindburst (3)
 B - a wand of quicksilver (6)
Scrolls
 f - a scroll of noise {unknown}
 i - a scroll of poison {unknown}
 m - 2 scrolls of amnesia {unknown}
 o - 2 scrolls of butterflies {unknown}
 p - 3 scrolls of identify {unknown}
 s - a scroll of brand weapon {unknown}
 w - 2 scrolls of fear {unknown}
 x - a scroll of blinking {unknown}
 z - a scroll of acquirement {unknown}
 A - a scroll of immolation {unknown}
 C - 3 scrolls of teleportation {unknown}
 E - a scroll of revelation {unknown}
Potions
 d - 2 potions of might
 g - 2 potions of curing {unknown}
 h - 3 potions of invisibility {unknown}
 j - 2 potions of heal wounds {unknown}
 r - 3 potions of degeneration {unknown}
 u - 2 potions of magic {unknown}
 v - a potion of lignification {unknown}
 D - 2 potions of enlightenment {unknown}


   Skills:
 - Level 3.2 Fighting
 + Level 7.6 Axes
 - Level 2.6 Armour
 - Level 4.0 Shields


You had 7 spell levels left.
You didn't know any spells.
Your spell library contained the following spells:

 Spells                   Type           Power      Damage    Failure   Level
 Cigotuvi's Dreadful Rot  Necr/Pois/Air  0%         N/A       96%         2
 Call Canine Familiar     Summ           0%         N/A       99%         3
 Dazzling Flash           Conj/Hex       0%         N/A       99%         3
 Ignite Poison            Fire/Tmut/Pois 0%         N/A       99%         3
 Portal Projectile        Hex/Tloc       0%         N/A       99%         3
 Leda's Liquefaction      Hex/Erth       0%         N/A       100%        4
 Agony                    Necr           0%         N/A       100%        5
 Freezing Cloud           Conj/Ice/Air   0%         6-21      100%        5
 Silence                  Hex/Air        0%         N/A       100%        5
 Malign Gateway           Summ/Tloc      0%         N/A       100%        7
 Summon Horrible Things   Summ           0%         N/A       100%        8


Dungeon Overview and Level Annotations

Branches:
Dungeon (6/15)            Ossuary (visited)
 Temple: D:4-7

Altars:

Annotations:
D:3 2 transporters


Innate Abilities, Weirdness & Mutations

You are immune to poison.
You have sharp fingernails.
Your flesh is cold resistant. (rC+)
You are immune to negative energy. (rN+++)
You do not regenerate when monsters are visible.
You are immune to unholy pain and torment.
You thrive by killing the living.


Message History

The centaur hits you. The centaur kicks you.
You slash the centaur!
The centaur is heavily wounded.
The centaur hits you but does no damage.
The centaur kicks you but does no damage.
Something hits you.
A howler monkey comes into view.
The centaur misses you.
The centaur kicks you but does no damage.
The kobold demonologist looks satisfied for a moment.
Something hits you but does no damage.
You slash the centaur!
You kill the centaur!
You barely miss something. Something hits you!
You have reached level 8!
Something hits you. You block something's attack.
The chaos spawn completely misses you.
You see here a +0 orcbow.
You miss something. You hit the chaos spawn.
Something hits you but does no damage. Something hits you.
The chaos spawn hits you.
You feel agile all of a sudden.
Unknown command.
You slash something! You hit the chaos spawn. You block something's attack.
Something hits you but does no damage. x2; The chaos spawn barely misses you.
Unknown command.
You slash something! You barely miss the chaos spawn.
Something barely misses you. Something closely misses you.
The chaos spawn hits you. The chaos spawn sears you!
* * * LOW HITPOINT WARNING * * *
Something barely misses you.
The kobold demonologist casts a spell.
The chaos spawn misses you.
Unknown command.
You slash something! You barely miss the chaos spawn. Something hits you.
* * * LOW HITPOINT WARNING * * *
Something hits you.
* * * LOW HITPOINT WARNING * * *
The chaos spawn gores you.
You die...

.#....<.......#.## ..
........#####....###
... .....##'#
#+##...####....
#..###..# ###.........
#.##.#..# #.##........
#.†..#..# #.†'.#......
#)##.#..# #.##...#.>..
#..###..# ###....# ...
#....#### ####@..##.#
.. ........##'##hK.4###
.# #
..............5######..
........+.....5......
.. ........#####...####
#. ........#.......# ##
#.......#.###...#
##......#.# ###.#
########.# .#


You could see a kobold demonologist, a chaos spawn (summoned), a howler monkey,
a crimson imp (summoned) and an ufetubus (summoned).

Vanquished Creatures
  A sky beast (D:4)
  A black bear (D:5)
  A centaur (D:5)
  An elf zombie (Ossuary)
  A howler monkey (D:5)
  2 centaur zombies (Ossuary)
  2 hounds
  An orc priest (D:4)
  A sleepcap (D:4)
  2 orc wizards (D:4)
  2 mummies (Ossuary)
  4 gnolls (D:3)
  5 adders
  2 white imps (D:5)
  An ufetubus (D:6)
  An adder zombie (Ossuary)
  3 worms
  3 dart slugs
  11 orcs
  5 ball pythons
  5 bats
  8 endoplasms
  2 goblins
  4 hobgoblins
  2 jackals (D:2)
  8 kobolds
  3 quokkas
  A frilled lizard (D:2)
  7 hobgoblin zombies (Ossuary)
  15 kobold zombies (Ossuary)
  7 orc zombies (Ossuary)
  6 rats
  4 rat zombies (Ossuary)
122 creatures vanquished.

Notes
Turn   | Place    | Note
-------+----------+-------------------------------------------
     0 | D:1      | MacCMillion the Ghoul Fighter began the quest for the Orb.
     0 | D:1      | Reached XP level 1. HP: 19/19 MP: 0/0
    77 | D:1      | Reached skill level 2 in Axes
   147 | D:1      | Reached XP level 2. HP: 25/26 MP: 1/1
   828 | D:2      | Reached XP level 3. HP: 27/31 MP: 2/2
  1691 | D:3      | Reached skill level 3 in Axes
  1691 | D:3      | Reached XP level 4. HP: 35/38 MP: 3/3
  1923 | D:3      | You fall into a shaft and drop 3 floors!
  1931 | D:6      | Found a sand-covered staircase.
  1938 | Ossuary  | Entered an ossuary
  2393 | Ossuary  | Reached XP level 5. HP: 40/45 MP: 4/4
  2419 | Ossuary  | Reached skill level 4 in Axes
  2638 | Ossuary  | Reached XP level 6. HP: 44/51 MP: 5/5
  2759 | D:6      | Reached skill level 5 in Axes
  2853 | D:5      | Entered Level 5 of the Dungeon
  3281 | D:4      | HP: 1/51 [orc/+0 flail (6)]
  3487 | D:4      | Reached skill level 6 in Axes
  3487 | D:4      | Reached XP level 7. HP: 31/57 MP: 6/6
  4047 | D:4      | Identified the +7 dagger "Xiroxt" {venom, Str+2 SInv}
  4293 | D:3      | Found a transporter.
  4297 | D:3      | Found a transporter.
  4650 | D:3      | Found a faded altar of an unknown god.
  5063 | D:5      | Reached skill level 7 in Axes
  5230 | D:5      | Noticed a kobold demonologist
  5232 | D:5      | Noticed a chaos spawn
  5235 | D:5      | Reached XP level 8. HP: 30/63 MP: 7/7
  5239 | D:5      | HP: 3/63 [something (5)]
  5239 | D:5      | Slain by a chaos spawn

Illustrated notes

Levels and vault maps discovered:
D:1:      elethiomel_arrival_quiet, layout_basic
D:2:      layout_loops_ring, chequers_big_river
D:3:      gammafunk_wand_slinger, layout_rooms,
          dreamdust_ecumenical_altar_angels_and_demons,
          hangedman_decor_opposing, minmay_strange_pillars, serial_bayou_lake_a
D:4:      layout_basic
D:5:      layout_loops_corners, lemuel_coloured_pillars_altar,
          mainiacjoe_overflow_cross_hatched, serial_co_window_serial,
          co_window_corner_a, co_window_corner_a, co_window_corner_a,
          co_window_corner_a, co_window_of_opportunity_a, co_window_corner_cb,
          co_window_corner_b, co_window_of_opportunity_c, co_window_corner_ca,
          co_window_2corner, glass_columns_a, glass_columns_a, glass_columns_a,
          glass_columns_a, minmay_divided_ellipse, uniq_grinder
D:6:      layout_rooms, nicolae_elyvilon_temple_path, minmay_temple_entry_trees,
          lightli_ossuary_entry_decrepit_ruins, kennysheep_generic_room_8

Skill      XL: |  1  2  3  4  5  6  7 |
---------------+----------------------+-----
Axes           | 2 3 4 6 7 |  7.6
Shields        | 3 4 |  4.0
Fighting       | |  3.2
Armour         | |  2.6

Action                     |  1- 3 |  4- 6 |  7- 9 || total
---------------------------+-------+-------+-------++-------
  Melee: War axe           |    78 |   179 |   129 ||   386
         Spear             |    19 |    14 |       ||    33
 Armour: Scale mail        |    44 |   102 |    48 ||   194
  Dodge: Dodged            |    57 |    88 |    62 ||   207
  Block: Buckler           |    19 |    49 |    22 ||    90

Table legend: (Time is in decaauts)
 A = Elapsed time spent in this place.
 B = Non-inter-level travel time spent in this place.
 C = Inter-level travel time spent in this place.
 D = Time resting spent in this place.
 E = Time spent auto-exploring this place.
 F = Levels seen in this place.
 G = Mean time per level.
                   A        B        C        D        E       F      G
               +--------+--------+--------+--------+--------+-----+--------+
         Total |   5394 |   5122 |    272 |   1525 |   2328 |   7 |  770.6 |
       Dungeon |   4550 |   4278 |    272 |   1109 |   2236 |   6 |  758.3 |
       Ossuary |    844 |    844 |      0 |    416 |     92 |   1 |  844.0 |
               +--------+--------+--------+--------+--------+-----+--------+

Top non-repeatable levels by time:
     D:4: 1292 daAuts
     D:2: 1060 daAuts
     D:3: 1012 daAuts
 Ossuary: 844 daAuts
     D:5: 544 daAuts
     D:1: 520 daAuts
     D:6: 119 daAuts
